Map: Ruins of Seras

Players

Shamanas - Winner!

  • Race: Terran Terran

Gaoh

  • Race: Terran Terran

VOD

Have the link to the VOD?

Description

Time

  • Played on: May 3, 2015, 12:03 p.m.
  • Length: 17:25
Show
View Real Time Build Order
Export as new Build Order

Shamanas Terran - Winner!

Build Orders: Reaper Expand, Battlecruiser Hellion (iEchoic Build), Battlecruisers 

Get SALT Encoding   

  12  0:02  SCV  
  13  0:14  SCV  
  13  0:18  Supply Depot  
  14  0:26  SCV  
  15  0:39  SCV  
  15  0:42  Barracks  
  16  0:52  SCV, Refinery  
  17  1:04  SCV  
  18  1:16  SCV  
  19  1:29  Orbital Command  
  19  1:35  Reaper  
  20  1:44  Command Center  
  20  1:54  Supply Depot  
  20  1:57  SCV  
  21  2:10  SCV  
  21  2:13  Factory  
  22  2:16  Marine  
  22  2:23  SCV  
  22  2:29  Refinery  
  23  2:37  Barracks Reactor  
  23  2:38  SCV  
  24  2:51  SCV  
  25  3:02  Orbital Command  
  25  3:05  Factory Tech Lab  
  25  3:11  SCV  
  26  3:14  Marine x2  
  26  3:17  Command Center  
  28  3:24  SCV  
  28  3:25  Cyclone  
  32  3:29  SCV  
  32  3:32  Refinery  
  32  3:34  Refinery  
  33  3:36  SCV  
  33  3:41  Marine x2  
  35  3:43  SCV  
  37  3:53  SCV  
  37  3:55  SCV  
  37  3:59  Factory, Marine x2  
  40  4:03  Siege Tank  
  40  4:05  SCV  
  44  4:11  Supply Depot  
  44  4:12  Missile Turret  
  44  4:20  Starport  
  44  4:22  SCV x2  
  46  4:30  Supply Depot  
  46  4:33  Missile Turret  
  46  4:34  SCV x2  
  49  4:48  Armory, SCV  
  49  4:49  Orbital Command  
  49  4:51  SCV  
  50  5:03  SCV  
  49  5:08  Hellion x2, Starport Tech Lab  
  49  5:12  Viking  
  52  5:17  SCV x2  
  52  5:18  SCV  
  52  5:19  Missile Turret  
  52  5:20  Missile Turret  
  52  5:23  Siege Tank  
  55  5:33  SCV x3  
  58  5:41  Hellbat x2  
  62  5:43  Starport Tech Lab  
  62  5:45  SCV  
  63  5:52  SCV, Terran Vehicle and Ship Weapons Level 1  
  63  5:53  SCV  
  63  5:55  Siege Tank  
  68  5:57  SCV  
  68  6:00  Infernal Pre-Igniter  
  68  6:02  Banshee, Hellbat x2  
  76  6:09  Supply Depot  
  76  6:10  Supply Depot  
  76  6:11  Supply Depot  
  76  6:15  Orbital Command  
  76  6:28  SCV  
  76  6:30  SCV  
  82  6:33  Siege Tank, Hellbat x2  
  85  6:40  Refinery  
  85  6:42  SCV x2  
  85  6:45  Refinery  
  87  6:52  SCV  
  88  6:54  SCV  
  88  6:58  Missile Turret  
  88  7:01  Missile Turret  
  89  7:02  Missile Turret x2  
  88  7:10  Starport Tech Lab, Siege Tank, Hellbat x2  
  95  7:17  SCV x3  
  95  7:22  Missile Turret  
  98  7:23  Supply Depot  
  98  7:24  Starport  
  98  7:26  Starport  
  98  7:29  Fusion Core  
  98  7:30  Starport  
  98  7:45  SCV  
  98  7:46  SCV x2  
  98  7:48  Missile Turret  
  98  7:49  Missile Turret  
  98  7:50  Hellion, Siege Tank, Terran Vehicle and Ship Weapons Level 2, Hellbat  
  108  7:52  Cloaking Field  
  108  7:55  Supply Depot  
  108  7:57  Supply Depot  
  108  8:00  Supply Depot  
  108  8:02  Starport Reactor  
  108  8:03  Starport Tech Lab  
  108  8:08  Supply Depot  
  108  8:09  Supply Depot  
  108  8:10  Command Center, Starport Tech Lab  
  108  8:16  SCV, Banshee  
  108  8:17  SCV x2  
  114  8:27  Hyperflight Rotors  
  114  8:29  Battlecruiser  
  114  8:30  Battlecruiser  
  114  8:32  SCV  
  114  8:33  SCV  
  127  8:45  Refinery, Hellion x2, Siege Tank  
  127  8:47  Viking  
  136  8:49  Refinery, Missile Turret  
  136  8:50  Missile Turret  
  136  8:56  Viking  
  136  8:59  Viking  
  139  9:04  SCV  
  139  9:05  SCV x2  
  140  9:19  Missile Turret  
  140  9:22  Viking  
  142  9:29  Engineering Bay  
  142  9:32  SCV x3  
  142  9:35  Hellbat  
  142  9:36  Battlecruiser x2, Hellion  
  161  9:41  Viking  
  163  9:54  Supply Depot, Viking  
  163  9:55  Supply Depot x2  
  163  10:03  Starport  
  163  10:04  Starport  
  163  10:06  Planetary Fortress, Starport x2  
  163  10:15  Viking x2  
  163  10:16  Hellion x2  
  163  10:17  Supply Depot  
  163  10:18  Supply Depot  
  163  10:19  Supply Depot  
  163  10:20  Supply Depot  
  171  10:24  Banshee  
  171  10:26  Terran Vehicle and Ship Weapons Level 3  
  172  10:33  Unknown  
  172  10:39  Hellbat  
  172  10:40  Hellbat  
  172  10:41  Hellion x9  
  176  10:55  Command Center  
  176  10:56  Command Center  
  172  11:00  Missile Turret  
  168  11:20  Starport Tech Lab  
  168  11:21  Starport Tech Lab x3  
  158  11:26  Refinery  
  156  11:49  Battlecruiser x3  
  156  11:50  Battlecruiser x2  
  156  11:52  Viking x2, Refinery  
  156  11:53  Missile Turret  
  188  11:55  Hellbat x3  
  192  12:09  Planetary Fortress  
  192  12:10  Orbital Command  
  190  12:16  Hellbat  
  190  12:19  Hellbat  
  190  12:20  Hellbat  
  200  12:37  Battlecruiser  
  200  12:38  Weapon Refit  
  200  12:45  Starport  
  200  12:48  Starport  
  200  12:49  Starport  
  200  12:50  Starport  
  200  13:03  Terran Vehicle And Ship Armor Level 1  
  200  13:18  Hellbat  
  192  13:21  Behemoth Reactor  
  192  13:26  Starport Tech Lab x2  
  192  13:27  Starport Tech Lab x2  
  167  13:28  Battlecruiser x2  
  167  13:29  Viking  
  167  13:30  Viking x3  
  164  13:49  Viking x4  
  164  13:50  Viking x2  
  170  13:57  Command Center  
  170  13:59  Missile Turret  
  170  14:01  Missile Turret  
  164  14:03  Refinery x2  
  161  14:18  Viking x2  
  161  14:19  Viking x3  
  161  14:21  Hellbat  
  161  14:22  Hellbat x2  
  171  14:31  SCV  
  171  14:32  SCV x3  
  171  14:34  Battlecruiser  
  175  14:42  Command Center, Battlecruiser  
  175  14:55  Viking x3, Refinery  
  175  14:57  Refinery  
  175  14:58  Missile Turret x2  
  175  14:59  Missile Turret  
  181  15:02  Terran Vehicle And Ship Armor Level 2  
  181  15:09  Orbital Command  
  181  15:22  Battlecruiser  
  181  15:23  Banshee  
  188  15:46  Viking x6  
  198  15:57  Orbital Command  
Show
View Real Time Build Order
Export as new Build Order

Gaoh Terran 

Build Orders: Command Center First (CC), Mech, Siege Tank Drop 

Get SALT Encoding   

  12  0:02  SCV  
  13  0:14  SCV  
  14  0:20  Supply Depot  
  14  0:26  SCV  
  15  0:41  SCV  
  16  0:53  SCV  
  17  1:03  Command Center  
  17  1:13  Barracks  
  17  1:19  Refinery  
  17  1:23  SCV  
  18  1:35  SCV  
  19  1:47  SCV  
  20  1:55  Supply Depot  
  20  1:59  Orbital Command  
  20  2:00  Marine  
  21  2:12  Refinery  
  21  2:23  Marine  
  21  2:25  Factory  
  21  2:27  SCV  
  23  2:36  Orbital Command  
  23  2:41  SCV  
  23  2:53  Barracks Tech Lab  
  23  3:06  SCV  
  24  3:18  SCV, Starport  
  25  3:26  Siege Tank  
  28  3:30  SCV x2  
  30  3:36  Refinery  
  30  3:42  SCV x2  
  32  3:54  SCV x2  
  33  3:55  Medivac  
  35  4:03  Marine  
  35  4:06  SCV x2, Siege Tank  
  41  4:14  Refinery  
  41  4:18  SCV x2  
  41  4:19  Supply Depot  
  43  4:25  Medivac  
  43  4:30  SCV  
  46  4:41  SCV  
  46  4:42  SCV  
  48  4:50  Command Center  
  48  4:53  SCV  
  48  4:54  SCV  
  48  4:55  Factory  
  48  4:56  Factory  
  48  4:57  Factory  
  50  5:05  SCV  
  50  5:06  SCV  
  52  5:28  Starport Reactor  
  52  5:37  SCV x2  
  54  5:44  Factory Tech Lab  
  54  5:46  Factory Tech Lab  
  54  5:49  Factory x2  
  54  5:50  Factory Tech Lab  
  54  5:55  Supply Depot  
  54  6:01  SCV  
  54  6:03  Armory  
  55  6:04  Armory  
  55  6:13  Cyclone  
  55  6:16  Refinery x2  
  58  6:18  Supply Depot  
  58  6:20  SCV x2, Engineering Bay  
  58  6:37  Medivac x2  
  58  6:39  Siege Tank  
  63  6:41  Factory Tech Lab  
  63  6:42  Factory Tech Lab  
  58  6:47  Orbital Command  
  63  6:50  SCV x2  
  62  6:54  Missile Turret  
  62  6:59  Missile Turret  
  59  7:11  Fusion Core  
  59  7:15  Siege Tank  
  62  7:18  Thor  
  62  7:22  Missile Turret  
  68  7:23  SCV x3  
  71  7:31  Viking  
  71  7:35  SCV x2, Viking  
  77  7:39  SCV  
  78  7:47  SCV x2, Terran Vehicle and Ship Weapons Level 1, Terran Vehicle And Ship Armor Level 1  
  78  7:51  SCV  
  81  7:56  Cyclone  
  81  7:58  Unknown  
  84  8:06  Command Center  
  84  8:12  Supply Depot  
  84  8:19  Cyclone, Siege Tank  
  90  8:32  Cyclone  
  93  8:34  Supply Depot  
  93  8:39  Siege Tank  
  96  8:46  Factory  
  96  8:58  Supply Depot  
  90  9:19  Siege Tank x3  
  90  9:20  Siege Tank x2  
  90  9:21  Supply Depot  
  105  9:31  Siege Tank  
  108  9:35  Supply Depot  
  108  9:36  SCV x2  
  110  9:44  Command Center  
  110  9:54  Viking x2  
  110  9:58  Planetary Fortress  
  114  10:01  SCV x3  
  117  10:18  Siege Tank  
  117  10:19  Thor  
  125  10:37  Terran Vehicle And Ship Armor Level 2, Viking x2, Terran Vehicle and Ship Weapons Level 2  
  125  10:40  SCV x2  
  125  10:42  Refinery  
  131  10:44  Refinery  
  129  10:59  Cyclone  
  132  11:07  Starport  
  132  11:10  Starport  
  132  11:32  Viking x2  
  136  11:33  Weapon Refit  
  136  11:58  Starport Tech Lab  
  136  12:04  Supply Depot, Viking x2  
  140  12:08  Starport Tech Lab  
  140  12:13  Starport  
  140  12:28  Battlecruiser x2  
  149  12:40  Thor x2  
  149  12:43  Viking x2  
  165  13:05  Thor  
  168  13:08  Thor  
  174  13:16  Starport Tech Lab  
  124  13:36  Battlecruiser  
  109  13:51  Viking x2  
  109  13:52  Viking  
  109  13:53  Viking  
  113  14:04  Missile Turret  
  112  14:25  Terran Vehicle And Ship Armor Level 3, Terran Vehicle and Ship Weapons Level 3  
  106  14:35  Behemoth Reactor  
  106  14:44  Command Center  
  106  14:55  Hellion x4  
  120  15:00  Battlecruiser  
  120  15:02  Viking  
  120  15:04  Command Center  
  121  15:30  Command Center  
  121  15:42  Viking x4  
  129  16:04  Viking  
  131  16:12  Battlecruiser, Viking x2  
Tags
 
Add a new tag
Caveats
  • Supply blocks, unpowered buildings, or Contaminate may cause inaccurate times.
  • Supply counts are checked every 10 seconds.